 Dungeon Crawl Stone Soup version 0.27.1-33-g824d729ab1 (webtiles) character file.

Game seed: 13793987289477471751

149 Atelerd the Digger (level 5, -2/31 HPs)
             Began as an Octopode Earth Elementalist on Dec 26, 2021.
             Slain by Sigmund (5 damage)
             ... on level 3 of the Dungeon.
             The game lasted 00:02:20 (2998 turns).

Atelerd the Digger (Octopode Earth Elementalist)    Turns: 2998, Time: 00:02:22

Health: -2/31      AC:  1    Str:  7    XL:     5   Next: 31%
Magic:  9/10       EV: 13    Int: 18    God:
Gold:   49         SH:  0    Dex: 13    Spells: 10/11 levels left

rFire    . . .     SeeInvis .   d - +0 short sword
rCold    . . .     Faith    .   (no shield)
rNeg     . . .     Spirit   .   (helmet restricted)
rPois    .         Reflect  .   (no amulet)
rElec    .         Harm     .   (no ring)
rCorr    .         Rampage  .   (no ring)
Will     .....                  (no ring)
Stlth    ++........             (no ring)
HPRegen  0.10/turn              (no ring)
MPRegen  0.12/turn              (no ring)
                                (no ring)
                                (no ring)

@: confused, flying
A: almost no armour, amphibious, 8 rings, camouflage 1, gelatinous body 1,
(nimble swimmer 1), tentacles
a: no special abilities


You were on level 3 of the Dungeon.
You visited 1 branch of the dungeon, and saw 3 of its levels.

You collected 49 gold pieces.

Inventory:

Hand Weapons
 d - a +0 short sword (weapon)
Missiles
 b - 67 stones
Scrolls
 a - 3 scrolls of teleportation {unknown}
 e - 3 scrolls of magic mapping {unknown}
 f - a scroll of amnesia {unknown}
 g - a scroll of enchant armour {unknown}
 i - a scroll of acquirement {unknown}
 j - a scroll of identify {unknown}
 m - a scroll of holy word {unknown}
Potions
 h - a potion of berserk rage {unknown}
 k - a potion of heal wounds {unknown}
 l - a potion of curing {unknown}
 n - 2 potions of haste {unknown}


   Skills:
 - Level 2.0 Dodging
 - Level 2.6 Stealth
 + Level 3.5 Spellcasting
 - Level 2.0 Transmutations
 + Level 4.4 Earth Magic


You had 10 spell levels left.
You knew the following spells:

 Your Spells              Type           Power      Damage    Failure   Level
a - Sandblast             Erth           38%        2d10      2%          1

Your spell library contained the following spells:

 Spells                   Type           Power      Damage    Failure   Level
 Passwall                 Tmut/Erth      11%        N/A       6%          2
 Magic Dart               Conj           12%        1d3       16%         1
 Stone Arrow              Conj/Erth      22%        3d8       19%         3
 Searing Ray              Conj           6%         3d3       24%         2
 Petrify                  Tmut/Erth      14%        N/A       38%         4
 Fulminant Prism          Conj/Hex       1%         3d6       83%         4


Dungeon Overview and Level Annotations

Branches:
Dungeon (3/15)

Altars:

Annotations:
D:3 Sigmund


Innate Abilities, Weirdness & Mutations

You cannot wear most types of armour.
You are amphibious.
You can wear up to eight rings at the same time.
Your skin changes colour to match your surroundings (Stealth+).
Your rubbery body absorbs attacks. (AC +1, EV +1)
((You are camouflaged near water. (Stealth+)))
You have tentacles for arms and can constrict up to eight enemies at once.


Message History

Sigmund is nearby!
Found 15 gold pieces.
Sigmund shouts!
Sigmund barely misses you.
You hit Sigmund but do no damage. You grab Sigmund. You squeeze Sigmund!
Sigmund is moderately wounded.
You constrict Sigmund, but do no damage.
The blast of sand hits Sigmund!
Sigmund is heavily wounded.
You constrict Sigmund, but do no damage.
Sigmund breathes a few words.
Sigmund's hands start flickering wildly.
Sigmund points at you and mumbles some strange words.
You are confused.
A goblin comes into view. It is wielding a +0 dagger.
You're too confused to cast spells.
You're too confused to cast spells.
Sorry, you're not good enough to have a special ability.
Unknown command.
The goblin shouts!
You hit Sigmund. You squeeze Sigmund.
Sigmund is almost dead.
You constrict Sigmund. Sigmund hits you with a +0 scythe!
The goblin unwields a +0 dagger.
The goblin wields a +0 hunting sling.
The goblin shoots a stone.
The stone hits you.
Unknown command.
You hit Sigmund.
Sigmund is almost dead.
You constrict Sigmund, but do no damage.
Sigmund closely misses you.
The goblin shoots a stone.
The stone hits you.
* * * LOW HITPOINT WARNING * * *
Unknown command.
Okay, then.
It was a potion of flight.
You feel very buoyant.
You fly up into the air.
You constrict Sigmund.
The goblin shoots a stone.
The stone hits you.
* * * LOW HITPOINT WARNING * * *
Sigmund hits you with a +0 scythe.
You die...

.########.#....#.#
...............>.#
#######.#....#.#.#
#.#......#..
#.#......###
#######.#.####.#
.#.####.......#....#.#
...g..).#########.##.#
.#.###.@....... #....#
#@######## ####.# #.
### #. #. #. $. ##


You could see Sigmund and a goblin.

Vanquished Creatures
  A hound (D:3)
  5 adders (D:2)
  2 worms (D:2)
  3 dart slugs
  7 ball pythons
  3 bats
  5 endoplasms
  3 giant cockroaches
  6 hobgoblins
  4 jackals (D:1)
  3 quokkas
  2 frilled lizards (D:2)
  8 goblins
  4 kobolds
  6 rats
62 creatures vanquished.

Notes
Turn   | Place    | Note
-------+----------+-------------------------------------------
     0 | D:1      | Atelerd the Octopode Earth Elementalist began the quest for
                  | the Orb.
     0 | D:1      | Reached XP level 1. HP: 11/11 MP: 3/3
   296 | D:1      | Reached XP level 2. HP: 10/17 MP: 3/5
   914 | D:1      | Reached XP level 3. HP: 14/21 MP: 6/6
  1739 | D:2      | Found a faded altar of an unknown god.
  1979 | D:2      | Reached XP level 4. HP: 19/27 MP: 6/8
  2304 | D:2      | Reached skill level 4 in Earth Magic
  2803 | D:2      | Reached XP level 5. HP: 29/31 MP: 8/10
  2991 | D:3      | Noticed Sigmund
  2998 | D:3      | Slain by Sigmund

Illustrated notes

Levels and vault maps discovered:
D:1:      minmay_arrival_radiant_lines, layout_loops_cross
D:2:      layout_basic, ebering_ecumenical_altar_rust, minmay_tromino_v7
D:3:      layout_basic, uniq_sigmund

Skill      XL: |  1  2  3  4 |
---------------+-------------+-----
Transmutations | 2 |  2.0
Spellcasting   | 3 |  3.5
Earth Magic    | 4 |  4.4
Dodging        | |  2.0
Stealth        | |  2.6

Action                   |  1- 3 |  4- 6 || total
-------------------------+-------+-------++-------
Melee: Short sword       |    60 |    30 ||    90
       Constrict         |    17 |     9 ||    26
       Unarmed           |     3 |       ||     3
       Tentacles         |     8 |     7 ||    15
 Cast: Sandblast         |    25 |    24 ||    49
  Use: Potion            |       |     1 ||     1
 Stab: Sleeping          |    10 |     3 ||    13
Armor: Skin              |     7 |     4 ||    11
Dodge: Dodged            |    55 |    30 ||    85
